 Dungeon Crawl Stone Soup version 0.20-a0-492-g6327889 (webtiles) character file.

231 Duffy the Chopper (level 5, 41/41 HPs)
             Began as a Demonspawn Chaos Knight on Jan 15, 2017.
             Quit the game on level 3 of the Dungeon.
             The game lasted 00:02:47 (1982 turns).

Duffy the Chopper (Demonspawn Chaos Knight)         Turns: 1982, Time: 00:02:48

Health: 41/41      AC: 12    Str: 13    XL:     5   Next: 73%
Magic:  5/5        EV:  3    Int: 13    God:    Xom [..*...]
Gold:   43         SH:  0    Dex: 13    Spells: 4/4 levels left

rFire    + . .     SeeInvis .   a - +1 hand axe (chaos)
rCold    . . .     Gourm    .   d - +0 plate armour
rNeg     . . .     Faith    .   (no shield)
rPois    .         Spirit   .   (no helmet)
rElec    .         Reflect  .   (no cloak)
rCorr    .         Harm     .   h - +0 pair of gloves
MR       .....                  (no boots)
Stlth    ..........             (no amulet)
Regen    0.1/turn               o - ring of protection from fire
                                (no ring)

@: no status effects
A: claws 1, nightstalker 1, spiny 1
a: Renounce Religion


You were on level 3 of the Dungeon.
You worshipped Xom.
You were a toy of Xom.
You were hungry.

You visited 1 branch of the dungeon, and saw 3 of its levels.

You collected 43 gold pieces.

Inventory:

Hand Weapons
 a - a +1 hand axe of chaos (weapon)
 n - a +0 hand axe
Armour
 d - a +0 plate armour (worn)
 h - a +0 pair of gloves (worn)
Jewellery
 o - a ring of protection from fire (right hand)
Scrolls
 b - a scroll of remove curse
 e - a scroll of identify
 r - 2 scrolls of blinking
Potions
 f - a potion of ambrosia
 g - a potion of magic
 i - 3 potions of heal wounds
 j - a potion of agility {unknown}
 l - a potion of curing {unknown}
Comestibles
 c - 2 bread rations
 k - 3 meat rations
 m - 3 fruits
 q - 4 chunks of flesh


   Skills:
 - Level 3.0 Fighting
 + Level 4.6 Axes
 + Level 3.9 Armour
 - Level 0.8 Dodging


You had 4 spell levels left.
You didn't know any spells.

Dungeon Overview and Level Annotations

Branches:
Dungeon (3/15)

Altars:
Trog


Innate Abilities, Weirdness & Mutations

You have sharp fingernails.
You are slightly more attuned to the shadows.
You are partially covered in sharp spines.


Message History

Azzavlup's ghost is struck by your spines.
Azzavlup's ghost hits you but does no damage.
Your plate armour prevents you from hitting azzavlup's ghost.
Azzavlup's ghost is almost destroyed.
Azzavlup's ghost is struck by your spines.
Azzavlup's ghost barely misses you.
You hit azzavlup's ghost.
Azzavlup's ghost convulses.
You destroy azzavlup's ghost!
You have reached level 5!
You feel monstrous as your demonic heritage exerts itself.
Your demonic ancestry asserts itself...
Your fingernails lengthen.
You start resting.
Some of the chunks of flesh in your inventory have rotted away.
HP restored.
e - a scroll of identify An ooze comes into view.
The ooze quivers.
You are feeling hungry.
Are you sure you want to abandon this character and quit the game? (Confirm with "yes".)

###.# ..#.# ### #.#.#
#.. #.#.# #.# #####.#.#
#J# ....#.#.# #.#
.......<#####.##
###....%.....@.#
###...######.# #...#
####.####.# #######...#
#.........#
..........###.##.######
######.....##W##.#
##..#.##.##.#
########.#.##.##.#
.........#.##.##.#


You could see an ooze.

Vanquished Creatures
  The ghost of azzavlup the Poker, an amateur MfSk (D:3)
  A howler monkey (D:1)
  2 adders (D:2)
  A worm (D:2)
  3 leopard geckos
  An orc (D:1)
  2 bats
  A giant cockroach (D:2)
  4 goblins
  7 hobgoblins
  4 jackals (D:3)
  A quokka (D:2)
  A ball python (D:1)
  4 frilled lizards
  5 kobolds
  6 rats
44 creatures vanquished.

Notes
Turn   | Place    | Note
-------+----------+-------------------------------------------
     0 | D:1      | Duffy the Demonspawn Chaos Knight began the quest for the Orb.
     0 | D:1      | Reached XP level 1. HP: 18/18 MP: 1/1
   254 | D:1      | Reached skill level 3 in Axes
   277 | D:1      | XOM: divination: detect items
   278 | D:1      | Gained mutation: You are slightly more attuned to the shadows. [demonic ancestry]
   278 | D:1      | Reached XP level 2. HP: 22/24 MP: 2/2
   345 | D:1      | XOM: silly message
   564 | D:2      | XOM: harmless Divn miscast
   837 | D:2      | Found a bloodstained altar of Trog.
   848 | D:2      | Noticed a howler monkey
   848 | D:2      | an adder changed into a howler monkey
   902 | D:1      | Killed a howler monkey
   902 | D:1      | Gained mutation: You are partially covered in sharp spines. [demonic ancestry]
   902 | D:1      | Reached XP level 3. HP: 19/29 MP: 3/3
   926 | D:1      | XOM: divination: detect items
  1084 | D:2      | Reached XP level 4. HP: 35/35 MP: 4/4
  1172 | D:2      | XOM: divination: magic mapping
  1661 | D:2      | Reached skill level 4 in Axes
  1867 | D:3      | Noticed azzavlup's ghost (amateur MfSk)
  1887 | D:3      | Killed azzavlup's ghost
  1887 | D:3      | Gained mutation: You have sharp fingernails. [demonic ancestry]
  1887 | D:3      | Reached XP level 5. HP: 31/41 MP: 5/5
  1982 | D:3      | Quit the game

Vault maps used:
D:1:      minmay_arrival_loop, minivault_25
D:2:      minmay_crystal_room, trog_butcher_becter
D:3:      grunt_temple_overflow_open

Skill      XL: |  1  2  3  4 |
---------------+-------------+-----
Armour         | 2 3 |  3.9
Axes           | 3 4 |  4.6
Fighting       | |  3.0
Dodging        | |  0.8

Action                   |  1- 3 |  4- 6 || total
-------------------------+-------+-------++-------
Melee: Hand axe          |    73 |    63 ||   136
  Use: Potion            |     1 |     1 ||     2
       Scroll            |       |     7 ||     7
  Eat: Chunk             |       |     3 ||     3
Armor: Plate armour      |    54 |    42 ||    96
       Leather armour    |     1 |       ||     1
Dodge: Dodged            |    11 |    12 ||    23
